 Dungeon Crawl Stone Soup version 0.25.1-2-g60ff931df9 (webtiles) character file.

Game seed: 10753568810564140847

369 Exodus22XD the Poker (level 6, 0/47 HPs)
             Began as a Demonspawn Gladiator on Oct 31, 2020.
             Slain by a gnoll
             ... wielding a +0 spear
              (8 damage)
             ... on level 5 of the Dungeon.
             The game lasted 00:04:02 (3911 turns).

Exodus22XD the Poker (Demonspawn Gladiator)         Turns: 3911, Time: 00:04:05

Health: 0/47       AC: 12    Str: 16    XL:     6   Next: 41%
Magic:  6/6        EV: 12    Int: 10    God:
Gold:   166        SH:  0    Dex: 14    Spells: 5/5 levels left

rFire    . . .     SeeInvis +   a - +0 trident
rCold    + . .     Gourm    .   (no shield)
rNeg     . . .     Faith    .   v - +0 ring mail {rC+}
rPois    .         Spirit   .   (helmet unavailable)
rElec    .         Reflect  .   (no cloak)
rCorr    .         Harm     .   w - +0 pair of gloves
MR       .....                  (no boots)
Stlth    +.........             (no amulet)
HPRegen  0.15/turn              b - +4 ring of protection
MPRegen  0.10/turn              o - ring of see invisible

@: stab
A: antennae 3, molten scales 1
a: no special abilities


You were on level 5 of the Dungeon.
You were not hungry.

You visited 2 branches of the dungeon, and saw 6 of its levels.

You collected 166 gold pieces.

Inventory:

Hand Weapons
 a - a +0 trident (weapon)
Missiles
 d - 3 throwing nets (quivered)
Armour
 k - a +0 scale mail
 v - a +0 ring mail of cold resistance (worn)
 w - a +0 pair of gloves (worn)
Jewellery
 b - a +4 ring of protection (left hand)
 n - an uncursed ring of ice
 o - a ring of see invisible (right hand)
 r - an uncursed ring of stealth {unknown}
 z - an uncursed ring of stealth {unknown}
Wands
 x - a wand of acid (4)
 A - a wand of flame (9)
Scrolls
 e - 5 scrolls of identify {unknown}
 i - 3 scrolls of enchant armour {unknown}
 j - a scroll of fog {unknown}
 m - 2 scrolls of teleportation {unknown}
 p - a scroll of enchant weapon {unknown}
 q - a scroll of blinking {unknown}
 t - 2 scrolls of remove curse {unknown}
 y - a scroll of amnesia {unknown}
Potions
 c - 2 potions of degeneration {unknown}
 g - a potion of stabbing
 l - a potion of flight {unknown}
 s - a potion of cancellation {unknown}
 u - a potion of brilliance {unknown}
Comestibles
 f - 4 rations


   Skills:
 + Level 3.2 Fighting
 + Level 4.9 Polearms
 + Level 2.0 Throwing
 + Level 1.8 Armour
 + Level 3.7 Dodging
 + Level 0.9 Stealth


You had 5 spell levels left.
You didn't know any spells.
Your spell library was empty.

Dungeon Overview and Level Annotations

Branches:
Dungeon (5/15)             Temple (1/1) D:4

Altars:
Ashenzari
Cheibriados
Dithmenos
Hepliaklqana
Makhleb
Nemelex Xobeh
Okawaru
Ru
Sif Muna
Trog
Wu Jian
Xom
Yredelemnul
Zin
The Shining One

Shops:
D:4 !


Innate Abilities, Weirdness & Mutations

You have a pair of large antennae on your head. (SInv)
You are partially covered in molten scales. (AC +2)


Message History

You barely miss the gnoll. The gnoll hits you but does no damage.
The gnoll hits you from afar with a +0 spear.
The gnoll barely misses you. The gnoll hits you but does no damage.
You puncture the gnoll!
The gnoll is heavily wounded.
The gnoll hits you from afar with a +0 spear.
* * * LOW HITPOINT WARNING * * *
The gnoll closely misses you. x2; The gnoll hits you but does no damage.
You hit the gnoll but do no damage.
The gnoll is heavily wounded.
The gnoll hits you but does no damage. x2; The gnoll hits you.
* * * LOW HITPOINT WARNING * * *
Okay, then.
It was a potion of stabbing.
You feel ready to backstab. The gnoll hits you but does no damage.
The gnoll barely misses you. The gnoll hits you.
* * * LOW HITPOINT WARNING * * *
The gnoll hits you from afar with a +0 spear!
You die...

.. #. ###
####.####..###..# #...#
≈≈≈.......#....# ....#
#≈..?....+....# ....#
#≈.......#....# ..... #
#≈.......#....# g....
≈.≈ #@#### #...# ....#
#..a.#g##.###...##...)#
#gag/.gg...<)......
#..................
#..................
#..................
##..######..###+###
#### #..# #$...


You could see a worker ant and 3 gnolls.

Vanquished Creatures
  A phantom (D:4)
  A gnoll shaman (D:5)
  2 worker ants (D:4)
  Ijyb (D:4)
  2 gnolls (D:5)
  7 adders
  An ooze (D:2)
  An adder skeleton (D:4)
  4 worms
  5 dart slugs
  2 leopard geckos
  6 bats
  5 giant cockroaches
  11 goblins
  9 hobgoblins
  3 kobolds
  4 quokkas
  A ball python skeleton (D:4)
  4 frilled lizards
  6 rats
76 creatures vanquished.

Notes
Turn   | Place    | Note
-------+----------+-------------------------------------------
     0 | D:1      | Exodus22XD the Demonspawn Gladiator began the quest for the
                  | Orb.
     0 | D:1      | Reached XP level 1. HP: 16/16 MP: 1/1
    43 | D:1      | Gained mutation: You have a pair of small antennae on your
                  | head. [demonic ancestry]
    43 | D:1      | Reached XP level 2. HP: 5/22 MP: 2/2
   595 | D:1      | Found a glowing golden altar of the Shining One.
   631 | D:1      | Reached skill level 3 in Polearms
   798 | D:1      | Gained mutation: You have a pair of antennae on your head.
                  | [demonic ancestry]
   798 | D:1      | Reached XP level 3. HP: 27/27 MP: 3/3
  1491 | D:2      | Gained mutation: You are partially covered in molten
                  | scales. (AC +2) [demonic ancestry]
  1491 | D:2      | Reached XP level 4. HP: 34/34 MP: 4/4
  1843 | D:2      | Found a shimmering altar of Xom.
  2385 | D:3      | Found a snail-covered altar of Cheibriados.
  2393 | D:3      | Gained mutation: You have a pair of large antennae on your
                  | head. (SInv) [demonic ancestry]
  2393 | D:3      | Reached XP level 5. HP: 40/40 MP: 5/5
  2515 | D:3      | You fall into a shaft and drop 1 floor!
  2515 | D:4      | Found a staircase to the Ecumenical Temple.
  2532 | Temple   | Entered the Ecumenical Temple
  3025 | D:4      | Found a sparkling altar of Nemelex Xobeh.
  3070 | D:4      | Reached skill level 4 in Polearms
  3099 | D:4      | Noticed a phantom
  3134 | D:4      | Killed a phantom
  3134 | D:4      | Reached skill level 1 in Armour
  3216 | D:4      | Found an iron altar of Okawaru.
  3271 | D:4      | Noticed Ijyb
  3282 | D:4      | Killed Ijyb
  3282 | D:4      | Reached XP level 6. HP: 15/47 MP: 6/6
  3692 | D:4      | Found Joennaty's Distillery.
  3867 | D:5      | Entered Level 5 of the Dungeon
  3911 | D:5      | Slain by a gnoll

Illustrated notes

Levels and vault maps discovered:
D:1:      lemuel_arrival_broad_hall, layout_loops_ring, tso_metal_star
D:2:      layout_loops_ring, lemuel_doored_altar
D:3:      minmay_razor_zed, layout_rooms, eat_drink_and_be_merry_uskayaw,
          lemuel_round_altar, elyvilon_altar_5
D:4:      layout_basic, okawaru_trees_1, minmay_temple_entry_ruins,
          first_ration, serial_shops, shop, nemelex_xobeh_ov_fountains_minmay,
          uniq_ijyb
D:5:      layout_gridville, kennysheep_mini_moat, portal_sewer_entry_d,
          grunt_decor_fettered, minmay_increasing_density
Temple:   minmay_temple_forest_path

Skill      XL: |  1  2  3  4  5 |
---------------+----------------+-----
Dodging        | 3 |  3.7
Throwing       | 2 |  2.0
Polearms       | 3 4 |  4.9
Fighting       | 3 |  3.2
Armour         | 1 |  1.8
Stealth        | |  0.9

Action                   |  1- 3 |  4- 6 || total
-------------------------+-------+-------++-------
Melee: Trident           |   125 |   233 ||   358
  Use: Potion            |       |     1 ||     1
  Eat: Chunk             |     2 |     8 ||    10
Armor: Leather armour    |    13 |       ||    13
       Scale mail        |    33 |    60 ||    93
       Ring mail         |       |    71 ||    71
Dodge: Dodged            |    70 |   167 ||   237
